 Dungeon Crawl Stone Soup version 0.32-a0-732-ga344392067 (webtiles) character file.

Game seed: 17350263269090326541

1274 shadizar the Trooper (level 8, -5/51 HPs)
             Began as a Gargoyle Fighter on Mar 16, 2024.
             Was an Initiate of Okawaru.
             Killed by divine providence
             ... invoked by an orc priest
              (9 damage)
             ... on level 6 of the Dungeon.
             The game lasted 00:06:50 (4625 turns).

shadizar the Trooper (Gargoyle Fighter)             Turns: 4625, Time: 00:06:51

Health: -5/51      AC: 22    Str: 27    XL:     8   Next: 53%
Magic:  0/8        EV:  7    Int: 10    God:    Okawaru [......]
Gold:   261        SH:  4    Dex:  9    Spells: 7/7 levels left

rFire   . . .        a - +0 flail
rCold   . . .        c - +0 buckler
rNeg    + . .        q - +0 plate armour
rPois   ∞            y - +0 helmet
rElec   +            s - +0 cloak
rCorr   .            g - +0 pair of gloves
SInv    .            (no boots)
Will    .....        h - amulet of guardian spirit
Stlth   x              - +6 ring of strength
HPRegen 0.28/turn    (no ring)
MPRegen 0.11/turn

%: guardian spirit
@: mighty, mesmerised
A: sickness immunity, AC +5, negative energy resistance 1, electricity
resistance, torment resistance 1, petrification resistance
a: Renounce Religion


You were on level 6 of the Dungeon.
You worshipped Okawaru.
Okawaru was noncommittal.
You visited 2 branches of the dungeon, and saw 7 of its levels.
You also visited: Sewer.

You collected 261 gold pieces.

Inventory:

Hand Weapons
 a - a +0 flail (weapon)
Missiles
 f - a throwing net (quivered)
Armour
 b - a +0 scale mail
 c - a +0 buckler (worn)
 g - a +0 pair of gloves (worn)
 l - an orb of mayhem
 q - a +0 plate armour (worn)
 s - a +0 cloak (worn)
 y - a +0 helmet (worn)
 z - a +0 troll leather armour {Pargi}
Jewellery
 e - an amulet of the acrobat
 h - an amulet of guardian spirit (around neck)
 x - a +6 ring of strength (left hand)
Wands
 F - a wand of mindburst (6)
Scrolls
 i - a scroll of noise {unknown}
 j - 2 scrolls of acquirement {unknown}
 k - 3 scrolls of vulnerability {unknown}
 n - a scroll of poison {unknown}
 r - 5 scrolls of identify {unknown}
 u - 2 scrolls of fear {unknown}
 w - 4 scrolls of teleportation {unknown}
Potions
 m - a potion of lignification {unknown}
 o - 2 potions of haste {unknown}
 p - 2 potions of curing {unknown}
 t - 2 potions of degeneration {unknown}
 v - a potion of attraction {unknown}
 A - 2 potions of invisibility {unknown}
 B - a potion of heal wounds {unknown}
 C - a potion of cancellation {unknown}
 D - a potion of resistance {unknown}
 E - a potion of brilliance {unknown}


   Skills:
 + Level 5.9 Fighting
 + Level 4.8 Maces & Flails
 + Level 5.9 Armour
 + Level 3.4 Dodging
 + Level 5.9 Shields


You had 7 spell levels left.
You didn't know any spells.
Your spell library contained the following spells:

 Spells                   Type           Power      Damage    Failure   Level
 Ensorcelled Hibernation  Hex/Ice        0%         N/A       100%        2
 Passwall                 Erth           0%         N/A       100%        3
 Swiftness                Air            0%         N/A       100%        3
 Cause Fear               Hex            0%         N/A       100%        4
 Fireball                 Conj/Fire      0%         3d3       100%        5
 Dragon's Call            Summ           Unusable   N/A       N/A         9

Dungeon Overview and Level Annotations

Branches:
Dungeon (6/15)             Temple (1/1) D:5           Sewer (visited)

Altars:
Cheibriados
Elyvilon
Fedhas
Gozag
Hepliaklqana
Makhleb
Nemelex Xobeh
Okawaru
Qazlal
Ru
Sif Muna
Uskayaw
Vehumet
Wu Jian

Shops:
D:1 :

Annotations:
D:2 1 runed translucent door, Crazy Yiuf
D:6 Maggie


Innate Abilities, Weirdness & Mutations

You are immune to sickness and miasma.
Your stone body is resilient. (AC +5)
You are immune to poison.
You resist negative energy. (rN+)
You are resistant to electric shocks. (rElec)
You are resistant to unholy torment.
You are immune to petrification.


Message History

You barely miss Maggie.
Maggie is moderately wounded.
Maggie hits you with a +0 war axe.
You closely miss Maggie.
Maggie is moderately wounded.
Maggie hits you with a +0 war axe!
You bump into the rock wall.
You feel less confused. Maggie hits you but does no damage.
You hit Maggie.
Maggie is moderately wounded.
You block Maggie's attack.
You closely miss Maggie.
Maggie is moderately wounded.
The orc priest begins to cast a cantrip, but forgets the words!
Maggie hits you with a +0 war axe!
You closely miss Maggie.
Maggie is moderately wounded.
Maggie hits you with a +0 war axe!
* * * LOW HITPOINT WARNING * * *
You sock Maggie!
Maggie is heavily wounded.
The orc priest begins to cast a cantrip, but forgets the words!
Maggie hits you but does no damage.
Maggie points at you and mumbles some strange words.
The bolt of fire hits you!
* * * LOW HITPOINT WARNING * * *
Unknown command.
Unknown command.
Unknown command.
Unknown command.
You closely miss Maggie.
Maggie is heavily wounded.
Maggie gestures wildly while chanting.
Maggie draws you further into her thrall.
You sock Maggie!
Maggie is heavily wounded.
The orc priest invokes the aid of Beogh against you.
Beogh smites you!
You die...

... #..###.####...
#.. #.####......#
#.###..##.†.#####
#....#......#
#.#####.#.##.........
#.........####.#.####
######..### #.#.#
#)## ....# #@# ..###
#@# ..# .o. .# ....#
.....# ####... >...
#.###


You could see Maggie (mesmerising) and an orc priest.

Vanquished Creatures
  Menkaure (D:5)
  Pargi (Sewer)
  A black bear (D:4)
  An ogre (D:6)
  A centaur (D:5)
  A phantom (D:5)
  A brain worm (Sewer)
  2 scorpions
  A howler monkey (D:5)
  4 hounds
  A bombardier beetle (D:4)
  A gnoll bouda (D:4)
  An iguana (D:5)
  Terence (D:2)
  Jessica (D:3)
  2 orc wizards
  5 gnolls (D:4)
  6 adders
  A shadow imp (D:6)
  2 ufetubi (D:5)
  A ribbon worm (D:2)
  2 dart slugs
  12 orcs
  5 ball pythons
  8 bats
  6 endoplasms
  4 giant cockroaches
  6 hobgoblins
  7 quokkas
  7 frilled lizards
  12 kobolds
  5 rats
110 creatures vanquished.

Notes
Turn   | Place    | Note
-------+----------+-------------------------------------------
     0 | D:1      | shadizar the Gargoyle Fighter began the quest for the Orb.
     0 | D:1      | Reached XP level 1. HP: 14/14 MP: 1/1
   133 | D:1      | Reached XP level 2. HP: 19/19 MP: 2/2
   579 | D:1      | Found a faded altar of an unknown god.
   714 | D:1      | Found Fecetwirr's Book Shop.
   827 | D:2      | Noticed Terence
   845 | D:2      | Killed Terence
   846 | D:2      | Reached skill level 1 in Dodging
   846 | D:2      | Reached XP level 3. HP: 23/24 MP: 3/3
   895 | D:2      | Reached XP level 4. HP: 7/29 MP: 4/4
  1037 | D:2      | Found a stormy altar of Qazlal.
  1172 | D:2      | Found a runed translucent door.
  1173 | D:2      | Noticed Crazy Yiuf
  1947 | D:3      | Noticed Jessica
  1951 | D:3      | Killed Jessica
  1952 | D:3      | Reached XP level 5. HP: 29/33 MP: 3/5
  2106 | D:3      | Found a faded altar of an unknown god.
  2106 | D:3      | Found a radiant altar of Vehumet.
  2115 | D:3      | Found a burning altar of Makhleb.
  2117 | D:3      | Found a faded altar of an unknown god.
  2119 | D:3      | Found a sacrificial altar of Ru.
  2330 | D:4      | Noticed a black bear
  2345 | D:4      | Killed a black bear
  2346 | D:4      | Reached XP level 6. HP: 26/39 MP: 3/6
  2412 | D:4      | Found a glowing drain.
  2454 | Sewer    | Entered a sewer
  2484 | Sewer    | Noticed Pargi
  2492 | Sewer    | Killed Pargi
  2584 | Sewer    | Reached XP level 7. HP: 30/44 MP: 2/7
  3053 | D:4      | Reached skill level 5 in Fighting
  3053 | D:4      | Reached skill level 5 in Armour
  3159 | D:4      | Reached skill level 5 in Shields
  3543 | D:5      | Entered Level 5 of the Dungeon
  3760 | D:5      | Reached XP level 8. HP: 48/49 MP: 8/8
  3930 | D:5      | Found a staircase to the Ecumenical Temple.
  3955 | D:5      | Noticed Menkaure
  3969 | D:5      | Killed Menkaure
  4040 | Temple   | Entered the Ecumenical Temple
  4071 | Temple   | Became a worshipper of Warmaster Okawaru
  4604 | D:6      | Noticed Maggie
  4625 | D:6      | Killed from afar by an orc priest

Illustrated notes

Levels and vault maps discovered:
D:1:      dpeg_arrival_simpleton_c, layout_loops_ring,
          hellmonk_ecumenical_altar_prayer_group, serial_shops,
          nicolae_shop_peninsula
D:2:      layout_basic, basic_altar, kennysheep_generic_room_3,
          uniq_crazy_yiuf_cottage, uniq_terence
D:3:      layout_rooms, chequers_temple_overflow_minitemple, nrook_mini_vaults,
          uniq_jessica
D:4:      layout_loops_ring, portal_sewer_entry_f, minmay_fractal_squares_5
D:5:      layout_basic, temple_pool_b, uniq_menkaure
D:6:      layout_loops_ring, grunt_temple_overflow_octagram, uniq_maggie,
          uniq_edmund
Temple:   grunt_temple_mini_profane

Skill      XL: |  1  2  3  4  5  6  7  8 |
---------------+-------------------------+-----
Dodging        | 1 2 3 |  3.4
Fighting       | 4 5 |  5.9
Armour         | 4 5 |  5.9
Shields        | 4 5 |  5.9
Maces & Flails | 3 4 |  4.8

Action                     |  1- 3 |  4- 6 |  7- 9 || total
---------------------------+-------+-------+-------++-------
  Melee: Flail             |   133 |   182 |   218 ||   533
    Use: Potion            |       |       |     2 ||     2
 Armour: Scale mail        |   139 |    38 |       ||   177
         Plate armour      |       |   124 |   248 ||   372
  Dodge: Dodged            |    82 |    76 |    82 ||   240
  Block: Buckler           |    54 |    49 |    65 ||   168

Table legend: (Time is in decaauts)
 A = Elapsed time spent in this place.
 B = Non-inter-level travel time spent in this place.
 C = Inter-level travel time spent in this place.
 D = Time resting spent in this place.
 E = Time spent auto-exploring this place.
 F = Levels seen in this place.
 G = Mean time per level.
                   A        B        C        D        E       F      G
               +--------+--------+--------+--------+--------+-----+--------+
         Total |   4814 |   4661 |    153 |      0 |   3215 |   8 |  601.8 |
       Dungeon |   4502 |   4351 |    151 |      0 |   3047 |   6 |  750.3 |
        Temple |     58 |     56 |      2 |      0 |      0 |   1 |   58.0 |
         Sewer |    253 |    253 |      0 |      0 |    168 |   1 |  253.0 |
               +--------+--------+--------+--------+--------+-----+--------+

Top non-repeatable levels by time:
     D:4: 1099 daAuts
     D:2: 902 daAuts
     D:1: 854 daAuts
     D:5: 814 daAuts
     D:3: 589 daAuts
   Sewer: 253 daAuts
     D:6: 240 daAuts
  Temple: 58 daAuts
